 Dungeon Crawl Stone Soup version 0.17-a0-1945-gfe993df (webtiles) character file.

59 4thArraOfDagon the Shield-Bearer (level 4, 0/49 HPs)
             Began as a Formicid Fighter on Sept 30, 2015.
             Succumbed to a worker ant's poison
             ... on level 4 of the Dungeon.
             The game lasted 00:00:41 (61 turns).

4thArraOfDagon the Shield-Bearer (Formicid Fighter)   Turns: 61, Time: 00:00:41

Health: 0/49       AC: 22    Str: 25    XL:     4   Next: 22%
Magic:  4/4        EV:  4    Int:  9    God:
Gold:   0          SH: 10    Dex: 10    Spells: 0 memorised, 3 levels left

rFire  . . .     SeeInvis .     a - +0 war axe
rCold  . . .     Clarity  .     (armour currently unavailable)
rNeg   + + +     SustAt   .     c - +0 shield
rPois  +         Gourm    .     (helmet unavailable)
rElec  .         Spirit   .     (cloak currently unavailable)
rCorr  .         Warding  .     (gloves currently unavailable)
rMut   .         Stasis   +     (boots currently unavailable)
MR     .....                    (no amulet)
Stlth  +.........               (no ring)
                                (no ring)

@: mighty, lethally poisoned (0 -> -1), tree-form, not resistant to hostile
enchantments, very unstealthy
A: permanent stasis, dig shafts and tunnels, four strong arms, (antennae 0),
repulsion field 1, (cold resistance 0), frail 1
a: no special abilities


You were on level 4 of the Dungeon.
You were not hungry.
You were a tree.
You visited 1 branch of the dungeon, and saw 3 of its levels.

Inventory:

Hand weapons
 a - a +0 war axe (weapon)
Armour
 b - a +0 scale mail (melded)
 c - a +0 shield (worn)
Potions
 d - a potion of lignification
Comestibles
 e - a bread ration


   Skills:
 + Level 3.7 Fighting
 * Level 3.0 Axes
 + Level 3.8 Armour
 + Level 4.1 Shields


You had 3 spell levels left.
You didn't know any spells.

Dungeon Overview and Level Annotations

Branches:
Dungeon (4/15)
 Temple: D:4-7

Altars:


Innate Abilities, Weirdness & Mutations

You are under a permanent stasis effect.
You can dig through walls and to a lower floor.
Your four strong arms can wield two-handed weapons with a shield.
((You have a pair of large antennae on your head (SInv).))
You are surrounded by a mild repulsion field (EV +2).
((Your flesh is cold resistant.))
You are frail (-10% HP).


Message History

Unknown command.
You slice the hound!!
You kill the hound!
Your Axes skill increases to level 3!
Your Shields skill increases to level 4!
You have reached level 4!
You feel clever.
Unknown command.
* * * LOW HITPOINT WARNING * * *
You feel sick.
Unknown command.
Unknown command.
You see here 2 smoky white potions.
Unknown command.
d - 2 smoky white potions Drink which item? (? for menu, Esc to quit)
It was a potion of lignification.
You turn into a tree.
Your +0 scale mail melds into your body.
Your roots penetrate the ground.
You die...

#######
######### .
...)..##
#........
##.####...###.#
...........##.#
#.##.........#
#.#.#.....######
#..............#
......#.##.###.#
#.>....♣# .#
###.##### .# #.
.# #. .# ..


There were no monsters in sight!

Vanquished Creatures
  A hound (D:4)
  A worker ant (D:4)
  A giant gecko (D:4)
  A goblin (D:1)
  A giant newt (D:1)
  3 toadstools (D:1)
8 creatures vanquished.

Notes
Turn   | Place    | Note
--------------------------------------------------------------
     0 | D:1      | 4thArraOfDagon the Formicid Fighter began the quest for the Orb.
     0 | D:1      | Reached XP level 1. HP: 18/18 MP: 1/1
    25 | D:1      | You fall through a shaft!
    30 | D:2      | You fall through a shaft for 2 floors!
    30 | D:4      | Noticed a worker ant
    30 | D:4      | Noticed a hound
    45 | D:4      | Killed a worker ant
    45 | D:4      | Reached XP level 2. HP: 5/24 MP: 2/2
    45 | D:4      | Reached XP level 3. HP: 6/29 MP: 3/3
    54 | D:4      | Gained mutation: You are frail (-10% HP). [potion of mutation]
    54 | D:4      | Gained mutation: You are surrounded by a mild repulsion field (EV +2). [potion of mutation]
    54 | D:4      | Gained mutation: Your flesh is cold resistant. [potion of mutation]
    55 | D:4      | Killed a hound
    55 | D:4      | Reached skill level 4 in Shields
    55 | D:4      | Reached XP level 4. HP: 2/33 MP: 4/4
    57 | D:4      | HP: 1/33 [poisoned by a worker ant]
    61 | D:4      | Succumbed to a worker ant's poison

Vault maps used:
D:1:      ldierk_water_garden
D:2:      nicolae_overflow_hidden_temple, first_bread, uniq_sigmund
D:4:      grunt_temple_overflow_lords_of_destruction, nemelex_deck

Action                   |  1- 3 |  4- 6 || total
-------------------------+-------+-------++-------
Melee: War axe           |    20 |       ||    20
 Abil: Shaft Self        |     2 |       ||     2
  Use: Potion            |     2 |     1 ||     3
